 Dungeon Crawl Stone Soup version 0.27-a0-1299-g1ab19c6527 (webtiles) character file.

Game seed: 17311815343933086066

60 freelancePsychic the Digger (level 3, 0/25 HPs)
             Began as a Mummy Wanderer on June 16, 2021.
             Slain by an orc (4 damage)
             ... on level 2 of the Dungeon.
             The game lasted 00:07:54 (3778 turns).

freelancePsychic the Digger (Mummy Wanderer)        Turns: 3778, Time: 00:07:55

Health: 0/25       AC:  3    Str: 15    XL:     3   Next: 80%
Magic:  5/7        EV: 11    Int: 16    God:
Gold:   124        SH:  0    Dex:  7    Spells: 3/7 levels left

rFire    x . .     SeeInvis .   f - +1 dagger (vamp)
rCold    + . .     Faith    .   (no shield)
rNeg     + + +     Spirit   .   b - +0 robe
rPois    ∞         Reflect  .   (no helmet)
rElec    .         Harm     .   (no cloak)
rCorr    .         Rampage  .   (no gloves)
Will     .....                  c - +0 pair of boots
Stlth    +.........             (no amulet)
HPRegen  0.08/turn              (no ring)
MPRegen  0.10/turn              (no ring)

@: no status effects
A: cold resistance 1, negative energy resistance 3, torment resistance 2, heat
vulnerability 1, no potions
a: no special abilities


You were on level 2 of the Dungeon.
You visited 1 branch of the dungeon, and saw 3 of its levels.

You collected 124 gold pieces.

Inventory:

Hand Weapons
 f - a +1 vampiric dagger (weapon)
Missiles
 d - 9 stones (quivered)
 e - 16 arrows
Armour
 b - a +0 robe (worn)
 c - a +0 pair of boots (worn)
Scrolls
 a - a scroll of teleportation {unknown}


   Skills:
 - Level 0.5 Fighting
 - Level 1.0 Stealth
 + Level 2.9 Spellcasting
 + Level 1.7 Conjurations
 - Level 2.6 Hexes
 - Level 4.1 Earth Magic
 - Level 1.0 Evocations


You had 3 spell levels left.
You knew the following spells:

 Your Spells              Type           Power      Damage    Failure   Level
a - Sandblast             Erth           30%        2d9       3%          1
b - Stone Arrow           Conj/Erth      22%        3d8       17%         3

Your spell library contained the following spells:

 Spells                   Type           Power      Damage    Failure   Level
 Passwall                 Tmut/Erth      6%         N/A       12%         2
 Apportation              Tloc           4%         N/A       19%         1
 Sting                    Tmut/Pois      8%         1d3       19%         1
 Portal Projectile        Hex/Tloc       12%        N/A       32%         3
 Ignite Poison            Fire/Tmut/Pois 2%         N/A       50%         3
 Petrify                  Tmut/Erth      8%         N/A       63%         4
 Lee's Rapid Deconstruct  Erth           7%         3d8*      67%         5


Dungeon Overview and Level Annotations

Branches:
Dungeon (3/15)

Altars:
Gozag
Hepliaklqana
Qazlal

Shops:
D:2 (

Annotations:
D:2 Ijyb


Innate Abilities, Weirdness & Mutations

You are immune to poison.
Your flesh is cold resistant. (rC+)
You are immune to negative energy. (rN+++)
You are immune to unholy pain and torment.
You are vulnerable to heat. (rF-)
You do not drink.


Message History

The orc barely misses you.
You hit the orc.
You feel better.
You kill the orc!
Things that are here:
a +0 hand axe; an orc corpse You start resting.
HP restored.
There is a stone staircase leading down here.
You climb downwards.
The orc misses you. The dart slug launches a dart at you.
The slug dart hits you. The orc hits you with a +0 hand axe.
There is a stone staircase leading up here.
The orc hits you with a +0 hand axe.
You climb upwards.
Level annotation: Ijyb
There is a stone staircase leading down here.
You barely miss the orc. The orc hits you with a +0 hand axe.
* * * LOW HITPOINT WARNING * * *
Things that are here:
a +0 hand axe; an orc corpse
Casting: Sandblast (safe; 3% risk of failure)
Confirm with . or Enter, or press ? or * to list all spells.
Aiming: Sandblast (safe; 3% risk of failure)
Press: ? - help, Shift-Dir - straight line, f - orc
Aim: an orc, wielding a +0 hand axe and wearing a +0 ring mail (82% to hit)
The blast of sand hits the orc.
The orc is severely wounded.
d - 10 stones The orc hits you with a +0 hand axe.
* * * LOW HITPOINT WARNING * * *
Casting: Sandblast (safe; 3% risk of failure)
Confirm with . or Enter, or press ? or * to list all spells.
Aiming: Sandblast (safe; 3% risk of failure)
Press: ? - help, Shift-Dir - straight line, f/p - orc
Aim: an orc, wielding a +0 hand axe and wearing a +0 ring mail (severely wounded, 82% to hit)
The blast of sand hits the orc but does no damage.
The orc is severely wounded.
d - 9 stones The orc hits you with a +0 hand axe.
You die...

#........#......)<..#.#.# #
######.###....#######.#.# # #...#
#..............# #
###.#.###....#######.##########
#...#..............#.. ........
###.###.##..####........ ........
......#.#............############
###.#.#.#...####.####### #######
#...#.#.#.......@....... .......
#.....#.#..#....o....... ......#
#######.#............... #####..
........################ ##.
........#....)..# #.
######.##8.....8# ##
#.......#.......# #
#.......#8)....8# #
#.......#.......# #


You could see an orc.

Vanquished Creatures
  An adder (D:2)
  A dart slug (D:2)
  An orc (D:2)
  5 ball pythons (D:1)
  3 endoplasms (D:1)
  2 giant cockroaches
  8 goblins
  3 hobgoblins
  4 jackals (D:1)
  5 quokkas
  4 bats
  3 kobolds
40 creatures vanquished.

Notes
Turn   | Place    | Note
-------+----------+-------------------------------------------
     0 | D:1      | freelancePsychic the Mummy Wanderer began the quest for the
                  | Orb.
     0 | D:1      | freelancePsychic set off with the following items: a +0
                  | club, a +0 robe; and the following spells available to
                  | memorise: Sandblast, Passwall, Apportation, Sting, Stone
                  | Arrow, Portal Projectile, Ignite Poison, Petrify, Lee's
                  | Rapid Deconstruction
     0 | D:1      | Reached XP level 1. HP: 13/13 MP: 1/1
   106 | D:1      | Learned a level 1 spell: Sandblast
   261 | D:1      | Reached skill level 1 in Spellcasting
   568 | D:1      | Reached XP level 2. HP: 20/20 MP: 2/4
  1108 | D:1      | Reached skill level 1 in Conjurations
  1841 | D:2      | Noticed Ijyb
  2149 | D:2      | Found a stormy altar of Qazlal.
  2246 | D:2      | Reached XP level 3. HP: 20/25 MP: 6/6
  2345 | D:2      | Found Gutraxe's Weapon Emporium.
  2500 | D:2      | Learned a level 3 spell: Stone Arrow
  3617 | D:3      | Found an opulent altar of Gozag.
  3700 | D:3      | Found a hazy altar of Hepliaklqana.
  3778 | D:2      | Slain by an orc

Illustrated notes

Levels and vault maps discovered:
D:1:      minmay_arrival_five_plusses, layout_basic
D:2:      kennysheep_the_goblin_king, layout_basic, serial_shops,
          nicolae_square_shop, basic_altar, minmay_pentomino_o4
D:3:      layout_loops_ring, nicolae_gozag_cash_rules_everything_around_me,
          nicolae_overflow_crystal_walls, uniq_ijyb, uniq_robin,
          uniq_crazy_yiuf_cottage

Skill      XL: |  1  2 |
---------------+-------+-----
Spellcasting   | 1 2 |  2.9
Conjurations   | 1 |  1.7
Fighting       | |  0.5
Stealth        | |  1.0
Hexes          | |  2.6
Earth Magic    | |  4.1
Evocations     | |  1.0

Action                   || total
-------------------------++-------
Melee: Short sword       ||   215
       Dagger            ||    11
 Cast: Sandblast         ||     6
  Use: Scroll            ||     2
 Stab: Sleeping          ||     3
Armor: Robe              ||    66
Dodge: Dodged            ||   157

Table legend: (Time is in decaauts)
 A = Elapsed time spent in this place.
 B = Non-inter-level travel time spent in this place.
 C = Inter-level travel time spent in this place.
 D = Time resting spent in this place.
 E = Time spent auto-exploring this place.
 F = Levels seen in this place.
 G = Mean time per level.
                   A        B        C        D        E       F      G
               +--------+--------+--------+--------+--------+-----+--------+
         Total |   3799 |   3753 |     46 |    879 |   2018 |   3 | 1266.3 |
       Dungeon |   3799 |   3753 |     46 |    879 |   2018 |   3 | 1266.3 |
               +--------+--------+--------+--------+--------+-----+--------+

Top non-repeatable levels by time:
     D:1: 1744 daAuts
     D:2: 1530 daAuts
     D:3: 525 daAuts
